 Dungeon Sprint DCSS version 0.17-a0-1691-g18a3847 (webtiles) character file.

72 Kidiri the Sneak (level 4, -2/21 HPs)
             Began as a Spriggan Enchanter on Aug 20, 2015.
             Drowned by a water elemental (4 damage)
             ... in the Dungeon (Sprint III: "The Ten Rune Challenge").
             The game lasted 00:01:42 (304 turns).

Kidiri the Sneak (Spriggan Enchanter)                Turns: 304, Time: 00:01:43

Health: -2/21      AC:  3    Str:  4    XL:     4   Next: 6%
Magic:  1/12       EV: 22    Int: 16    God:
Gold:   31         SH:  0    Dex: 17    Spells: 5 memorised, 1 level left

rFire  . . .     SeeInvis +     a - +1 dagger
rCold  . . .     Clarity  .     b - +1 robe
rNeg   . . .     SustAt   .     (shield restricted)
rPois  .         Gourm    .     (helmet restricted)
rElec  .         Spirit   .     (no cloak)
rCorr  .         Warding  .     (gloves unavailable)
rMut   .         NoTele   +     (boots unavailable)
MR     +....                    (no amulet)
Stlth  ++++......               (no ring)
                                (no ring)

@: engulfed (cannot breathe), very quick, somewhat resistant to hostile
enchantments, stealthy
A: unfitting armour, hooves 1, rugged brown scales 1, see invisible, deformed
body, herbivore 3, speed 3, magic resistance 1, sense surroundings 1, slow
metabolism 2, evolution 1
a: no special abilities


You were in the Dungeon.
You were not hungry.

You visited 1 branch You collected 31 gold pieces.

Inventory:

Hand weapons
 a - a +1 dagger (weapon)
Armour
 b - a +1 robe (worn)
Scrolls
 j - a scroll of blinking
 l - 2 scrolls of holy word
 m - a scroll of identify
 n - 3 scrolls of remove curse
Potions
 e - a potion of curing
 f - a potion of heal wounds
 g - a potion of haste
 h - 2 potions of magic
 i - a potion of berserk rage
 p - 3 potions of cure mutation
 q - 3 potions of flight
Comestibles
 d - a bread ration
 o - a royal jelly


   Skills:
 + Level 3.1 Short Blades
 * Level 6.2 Dodging
 * Level 7.6 Stealth
 * Level 5.2 Spellcasting
 + Level 0.0 Conjurations
 + Level 4.8 Hexes
 + Level 1.0 Ice Magic


You had one spell level left.
You knew the following spells:

 Your Spells              Type           Power        Failure   Level  Hunger
a - Corona                Hex            ###....      1%          1    None
b - Ensorcelled Hibernat  Hex/Ice        ##....       10%         2    #......
c - Confuse               Hex            ###.....     8%          3    ###....
d - Tukima's Dance        Hex            ###.....     8%          3    ###....
e - Dazzling Spray        Conj/Hex       ##......     17%         3    ###....


Dungeon Overview and Level Annotations

Branches:
Dungeon (1/1)

Altars:


Innate Abilities, Weirdness & Mutations

You are tiny and cannot use many weapons and most armour.
You have supernaturally acute eyesight.
You are a herbivore.
You cover ground extremely quickly.
You need consume almost no food.
You have large cloven feet.
You are partially covered in rugged brown scales (AC +1, +3% HP).
Armour fits poorly on your strangely shaped body.
You are resistant to hostile enchantments.
You passively map a small area around you.
You evolve.


Message History

Aim: a water elemental (severely damaged)
The spray of energy misses the water elemental.
Unknown command.
Unknown command.
Casting: Dazzling Spray
Confirm with . or Enter, or press ? or * to list all spells.
Aiming: Dazzling Spray
Press: ? - help, Shift-Dir - straight line, f/p - water elemental
Aim: a water elemental (severely damaged)
The spray of energy hits the water elemental.
The water elemental is almost destroyed.
You barely miss the water elemental.
The water elemental is almost destroyed.
The water elemental hits you!
Ouch! That really hurt!
* * * LOW HITPOINT WARNING * * *
The water elemental engulfs you in water!
You hit the water elemental but do no damage.
The water elemental is almost destroyed.
You die...

▓<..#...#### ##.# **
▓...#......#####..#__ _
▓..##.......#:.#..#,, *
▓##.##.##..)#..#..###+#+##
##.##.###..##+#..#.......,
▓#.####.##..###...'.⌠.....,
▓.###..##..####...#...####
▓#.....##..###....#.⌠.#
###..##..@##.....#...#
##..##...E#......#+###_
#..###..##%#.....# _ #).#
#..#####....#__ ▓▓▓▓ ▓▓▓▓
*▓▓▓▓▓▓ * * * +, ≈ ≈≈ , * ,
≈ , , ≈ *


You could see a water elemental.

Vanquished Creatures
  Jessica (D)
  A wolf (D)
  A human (D)
  An ooze (D)
  2 rats (D)
6 creatures vanquished.

Vanquished Creatures (others)
  2 draconian scorchers (D)
  A yaktaur (D)
3 creatures vanquished.

Grand Total: 9 creatures vanquished

Notes
Turn   | Place    | Note
--------------------------------------------------------------
     0 | D        | Kidiri the Spriggan Enchanter began the quest for the Orb.
     0 | D        | Reached XP level 1. HP: 9/9 MP: 5/5
    11 | D        | Reached skill level 5 in Stealth
    22 | D        | Noticed Jessica
    28 | D        | Killed Jessica
    28 | D        | Reached skill level 5 in Dodging
    28 | D        | Reached skill level 6 in Stealth
    28 | D        | Reached XP level 2. HP: 13/13 MP: 6/8
    28 | D        | Reached XP level 3. HP: 16/16 MP: 6/9
    39 | D        | Learned a level 2 spell: Ensorcelled Hibernation
    43 | D        | Learned a level 3 spell: Confuse
    47 | D        | Learned a level 3 spell: Tukima's Dance
   143 | D        | Killed a yaktaur
   171 | D        | Noticed a wolf
   183 | D        | Killed a wolf
   183 | D        | Reached skill level 7 in Stealth
   185 | D        | Reached skill level 5 in Spellcasting
   185 | D        | Reached skill level 1 in Ice Magic
   185 | D        | Reached XP level 4. HP: 21/21 MP: 1/12
   190 | D        | Learned a level 3 spell: Dazzling Spray
   211 | D        | Killed a white draconian scorcher
   249 | D        | Killed a white draconian scorcher
   272 | D        | Gained mutation: You evolve. [potion of mutation]
   272 | D        | Gained mutation: You have large cloven feet. [potion of mutation]
   272 | D        | Gained mutation: You passively map a small area around you. [potion of mutation]
   273 | D        | Gained mutation: Armour fits poorly on your strangely shaped body. [potion of mutation]
   273 | D        | Gained mutation: You are partially covered in rugged brown scales (AC +1, +3% HP). [potion of mutation]
   273 | D        | Gained mutation: You are resistant to hostile enchantments. [potion of mutation]
   284 | D        | Noticed a water elemental
   304 | D        | Drowned by a water elemental

Vault maps used:
D:        dungeon_sprint_mu

Action                   |  1- 3 |  4- 6 || total
-------------------------+-------+-------++-------
Melee: Dagger            |     6 |     6 ||    12
 Cast: Ensorcelled Hiber |     4 |       ||     4
       Dazzling Spray    |       |     4 ||     4
  Use: Scroll            |       |     2 ||     2
       Potion            |       |     2 ||     2
 Stab: Sleeping          |     5 |       ||     5
